 Dungeon Crawl Stone Soup version 0.23.2-1-ga50397a (webtiles) character file.

Game seed: 18377470694478521591

4064 Borgoz the Basher (level 10, -3/61 HPs)
             Began as a Gargoyle Berserker on May 26, 2019.
             Was an Elder of Trog.
             Slain by a troll (8 damage)
             ... on level 8 of the Dungeon.
             The game lasted 00:12:31 (7535 turns).

Borgoz the Basher (Gargoyle Berserker)              Turns: 7535, Time: 00:12:32

Health: -3/61      AC: 22    Str: 27    XL:     10   Next: 25%
Magic:  10/10      EV: 14    Int:  7    God:    Trog [****..]
Gold:   468        SH:  0    Dex: 11    Spells: 9/9 levels left

rFire    . . .     SeeInvis .   a - +1 mace
rCold    + . .     Gourm    .   (no shield)
rNeg     + . .     Faith    .   l - quicksilver dragon scales of Xejees {MR+ Str+4}
rPois    ∞         Spirit   .   (no helmet)
rElec    +         Reflect  .   A - +0 cloak
rCorr    .         Harm     .   (no gloves)
MR       +....     Rnd*Tele +   h - +1 pair of boots
Stlth    +.........             r - amulet of regeneration
HPRegen  0.60/turn              v - ring of teleportation (curse)
MPRegen  0.12/turn              m - ring of protection from cold

@: no status effects
A: negative energy resistance 1, electricity resistance, unbreathing,
petrification resistance, rot immunity, AC +7
a: Berserk, Trog's Hand, Brothers in Arms, Renounce Religion


You were on level 8 of the Dungeon.
You worshipped Trog.
Trog was greatly pleased with you.
You were not hungry.

You visited 2 branches of the dungeon, and saw 9 of its levels.

You collected 468 gold pieces.

Inventory:

Hand Weapons
 a - a +1 mace (weapon)
Armour
 h - a +1 pair of boots (worn)
 k - a +0 cloak
 l - the quicksilver dragon scales of Xejees (worn) {MR+ Str+4}
   (You found it on level 4 of the Dungeon)

   It affects your strength (+4).
   It affects your resistance to hostile enchantments.
 A - a +0 cloak (worn)
Jewellery
 m - a ring of protection from cold (right hand)
 r - an amulet of regeneration (around neck)
 v - a cursed ring of teleportation (left hand)
 C - an uncursed ring of flight {unknown}
Wands
 j - a wand of flame (33)
 y - a wand of clouds (4)
 z - a wand of random effects (20)
Scrolls
 f - 2 scrolls of teleportation
 g - a scroll of magic mapping
 i - 4 scrolls of remove curse
 o - a scroll of enchant armour
 p - 2 scrolls of identify
 s - a scroll of immolation {unknown}
Potions
 b - 3 potions of brilliance
 d - 6 potions of curing
 e - 3 potions of heal wounds
 n - 2 potions of might
 q - 2 potions of resistance
 t - a potion of mutation
 u - 2 potions of flight
 x - 2 potions of agility
Comestibles
 c - 10 rations


   Skills:
 + Level 6.5 Fighting
 * Level 9.2 Maces & Flails
 + Level 6.9 Armour
 * Level 7.3 Dodging


You had 9 spell levels left.
You didn't know any spells.
Your spell library was empty.

Dungeon Overview and Level Annotations

Branches:
Dungeon (8/15)             Temple (1/1) D:4
   Lair: D:8-11

Altars:
Ashenzari
Elyvilon
Fedhas
Gozag
Hepliaklqana
Kikubaaqudgha
Makhleb
Nemelex Xobeh
Okawaru
Qazlal
Ru
Trog
Uskayaw
Vehumet
Wu Jian
Xom
Yredelemnul
Zin
The Shining One

Annotations:
D:8 exclusion: obsidian statue


Innate Abilities, Weirdness & Mutations

You are resistant to torment.
Your stone body is resilient. (AC +7)
You are immune to poison.
You resist negative energy. (rN+)
You are resistant to electric shocks. (rElec)
You can survive without breathing.
You are immune to petrification.
You are immune to rotting.


Message History

* * * LOW HITPOINT WARNING * * *
Evoke which item? (* to show all) (? for menu, Esc to quit)
You don't have any such object.
Evoke which item? (* to show all) (? for menu, Esc to quit)
(Key replay ran out of keys)
You don't have any such object.
Evoke which item? (* to show all) (? for menu, Esc to quit)
Okay, then.
Evoke which item? (* to show all) (? for menu, Esc to quit)
Aiming: Cloud Cone
Press: ? - help, Dir - move target cursor, f/p - troll
Aim: a troll (severely wounded)
You create a blast of freezing vapour!
The troll is engulfed in freezing vapours.
The troll bites you.
* * * LOW HITPOINT WARNING * * *
The troll claws you!
* * * LOW HITPOINT WARNING * * *
The troll claws you!
You die...

#.# #..# ##### #.#
#<.# #.... #.#
#.#######.##.
#.####......##..#.
#............#....
##.###..#...##..##
#.# #..######....
#####.###..# ##.##
#§§T@....))####
#....
##########....#
#..#. #....###....
#....##.....
#.#####.#.## #.#
#.#... #.# #.#.##
#.#####.#.##
#...........


You could see a troll.

Vanquished Creatures
  A two-headed ogre (D:8)
  Pikel (D:6)
  A hippogriff (D:8)
  Sigmund (D:6)
  A hungry ghost (D:2)
  2 water moccasins (D:7)
  Duvessa (D:5)
  A necrophage (D:7)
  2 slaves (D:6)
  A sky beast (D:8)
  2 phantoms
  A black bear (D:7)
  3 centaurs
  A water moccasin zombie (D:6)
  Dowan (D:5)
  2 bullfrogs (D:6)
  A scorpion (D:7)
  3 crimson imps
  2 howler monkeys (D:6)
  A bullfrog zombie (D:8)
  2 jellies (D:6)
  3 hounds
  5 orc wizards
  Crazy Yiuf (D:2)
  3 orc priests (D:6)
  A bullfrog skeleton (D:8)
  An iguana (D:4)
  12 worker ants
  A killer bee zombie (D:6)
  A hound zombie (D:6)
  2 hound skeletons
  A mummy (D:7)
  6 gnolls
  3 adders
  A shadow imp (D:6)
  4 oozes
  An adder skeleton (D:4)
  2 adder zombies
  3 worms
  2 dart slugs (D:1)
  7 leopard geckos
  14 orcs
  13 bats
  8 giant cockroaches
  8 goblins
  8 hobgoblins
  8 jackals
  7 kobolds
  4 quokkas
  3 ball pythons
  4 frilled lizards
  A hobgoblin zombie (D:7)
  A jackal skeleton (D:5)
  3 orc zombies (D:7)
  A quokka zombie (D:5)
  5 rats
179 creatures vanquished.

Notes
Turn   | Place    | Note
-------+----------+-------------------------------------------
     0 | D:1      | Borgoz the Gargoyle Berserker began the quest for the Orb.
     0 | D:1      | Reached XP level 1. HP: 14/14 MP: 1/1
    88 | D:1      | Reached XP level 2. HP: 12/19 MP: 2/2
   751 | D:1      | Reached XP level 3. HP: 18/23 MP: 3/3
  1045 | D:2      | Found a hazy altar of Hepliaklqana.
  1120 | D:2      | Found a runed translucent door.
  1121 | D:2      | Noticed Crazy Yiuf
  1219 | D:2      | Reached ** piety under Trog
  1752 | D:2      | Reached XP level 4. HP: 27/28 MP: 4/4
  1762 | D:2      | Noticed a hungry ghost
  1791 | D:2      | Killed a hungry ghost
  1791 | D:2      | Reached skill level 4 in Maces & Flails
  1791 | D:2      | Reached XP level 5. HP: 18/32 MP: 5/5
  2288 | D:2      | Killed Crazy Yiuf
  2288 | D:2      | Reached XP level 6. HP: 23/37 MP: 6/6
  2607 | D:3      | Found an opulent altar of Gozag.
  2607 | D:3      | Found a sparkling altar of Nemelex Xobeh.
  2782 | D:3      | Found a shattered altar of Ashenzari.
  2997 | D:3      | Reached *** piety under Trog
  3069 | D:3      | Found a faded altar of an unknown god.
  3230 | D:3      | Found an iron altar of Okawaru.
  3235 | D:3      | Reached skill level 5 in Maces & Flails
  3463 | D:4      | Got jewelled quicksilver dragon scales
  3474 | D:4      | Identified the quicksilver dragon scales of Xejees {MR+
                  | Str+4} (You found it on level 4 of the Dungeon)
  3489 | D:4      | Found a staircase to the Ecumenical Temple.
  3821 | Temple   | Entered the Ecumenical Temple
  4118 | D:4      | Reached XP level 7. HP: 28/41 MP: 7/7
  4706 | D:5      | Entered Level 5 of the Dungeon
  4808 | D:5      | Noticed Duvessa
  4809 | D:5      | Noticed Dowan
  4831 | D:5      | Killed Duvessa
  4851 | D:5      | Killed Dowan
  5007 | D:5      | Reached skill level 6 in Maces & Flails
  5392 | D:6      | Noticed Pikel
  5402 | D:6      | Killed Pikel
  5402 | D:6      | Reached skill level 5 in Armour
  5402 | D:6      | Reached skill level 5 in Dodging
  5402 | D:6      | Reached XP level 8. HP: 30/48 MP: 8/8
  5565 | D:7      | Reached skill level 7 in Maces & Flails
  5661 | D:7      | Reached **** piety under Trog
  5729 | D:6      | Reached skill level 5 in Fighting
  5977 | D:6      | Reached XP level 9. HP: 54/54 MP: 9/9
  5988 | D:6      | Noticed Sigmund
  5992 | D:6      | Killed Sigmund
  6244 | D:6      | Found a hide-covered altar of Uskayaw.
  6338 | D:6      | Reached skill level 8 in Maces & Flails
  7120 | D:8      | Noticed a two-headed ogre
  7134 | D:8      | Killed a two-headed ogre
  7134 | D:8      | Reached skill level 9 in Maces & Flails
  7134 | D:8      | Reached XP level 10. HP: 50/61 MP: 10/10
  7386 | D:8      | Noticed an obsidian statue
  7470 | D:8      | Found a radiant altar of Vehumet.
  7535 | D:8      | Slain by a troll

Skill      XL: |  1  2  3  4  5  6  7  8  9 |
---------------+----------------------------+-----
Dodging        | 2 3 5 7 |  7.3
Maces & Flails | 4 5 6 7 9 |  9.2
Armour         | 3 4 5 6 |  6.9
Fighting       | 4 5 6 |  6.5

Action                   |  1- 3 |  4- 6 |  7- 9 | 10-12 || total
-------------------------+-------+-------+-------+-------++-------
Melee: Mace              |   118 |   206 |   525 |    72 ||   921
Invok: Berserk           |     1 |     1 |     2 |     1 ||     5
       Trog's Hand       |       |       |     2 |       ||     2
Evoke: Wand              |       |       |     6 |     2 ||     8
  Use: Scroll            |       |     4 |    12 |       ||    16
  Eat: Chunk             |     4 |    10 |    14 |     2 ||    30
       Ration            |       |     2 |       |       ||     2
Armor: Animal skin       |    46 |       |       |       ||    46
       Ring mail         |    14 |    91 |       |       ||   105
       Quicksilver drago |       |    33 |   283 |    43 ||   359
       Plate armour      |       |    28 |       |       ||    28
Dodge: Dodged            |    90 |   158 |   395 |    54 ||   697
